Map: Foxtrot Labs LE

Players

Jason

  • Race: Terran Terran
  • League: Grandmaster
  • Spawn Location: 3:00

Rob - Winner!

  • Race: Protoss Protoss
  • League: Grandmaster
  • Spawn Location: 7:00

VOD

Have the link to the VOD?

Description

Time

  • Played on: May 13, 2019, 4:59 p.m.
  • Length: 10:56
Show
View Real Time Build Order
Export as new Build Order

Jason Terran 

Build Orders: Gas First Reaper Expand 

Get SALT Encoding   

  12  0:00  SCV  
  13  0:12  SCV  
  14  0:18  Supply Depot  
  14  0:25  SCV  
  15  0:30  Refinery  
  15  0:39  SCV  
  16  0:44  Barracks  
  16  0:52  SCV  
  17  1:04  SCV  
  18  1:16  SCV  
  19  1:32  Reaper, Orbital Command  
  20  1:51  Command Center  
  20  1:59  SCV  
  21  2:06  Supply Depot  
  21  2:09  Barracks Reactor  
  21  2:11  SCV  
  22  2:17  Factory  
  22  2:23  SCV  
  23  2:34  Refinery  
  23  2:35  SCV  
  24  2:46  Marine  
  24  2:47  SCV, Marine  
  27  2:59  SCV  
  27  3:01  Factory Tech Lab  
  27  3:02  Starport  
  27  3:04  Refinery  
  28  3:06  Marine x2  
  28  3:11  SCV  
  31  3:22  Siege Tank  
  31  3:24  SCV  
  31  3:26  Orbital Command  
  34  3:29  Marine  
  34  3:32  Marine  
  36  3:36  SCV  
  36  3:38  Starport Reactor  
  37  3:44  Supply Depot  
  37  3:50  Marine  
  37  3:51  Marine  
  37  3:55  Siege Tank  
  42  4:05  SCV x2  
  44  4:11  Marine x2  
  44  4:15  Viking  
  48  4:17  Viking  
  48  4:20  SCV x2  
  52  4:24  Supply Depot  
  52  4:36  Engineering Bay  
  52  4:38  SCV  
  53  4:39  SCV  
  54  4:45  Marine x2  
  54  4:46  Siege Tank  
  54  4:49  Viking  
  61  4:55  SCV  
  62  5:01  Supply Depot  
  62  5:06  Missile Turret  
  62  5:08  Missile Turret  
  62  5:14  Marine x2  
  62  5:15  SCV x2  
  66  5:25  Viking  
  66  5:27  SCV  
  69  5:29  Viking  
  54  5:43  SCV  
  54  5:46  SCV, Marine x2  
  50  5:51  Siege Tank  
  50  5:55  SCV  
  54  6:02  Liberator  
  49  6:09  Marine x2  
  48  6:15  SCV  
  48  6:16  SCV  
  53  6:26  Marine  
  53  6:28  SCV x2, Siege Tank  
  59  6:33  Terran Infantry Weapons Level 1  
  59  6:36  Marine  
  60  6:40  SCV x2  
  60  6:43  Barracks  
  62  6:47  Barracks  
  62  6:52  SCV x2  
  60  7:01  Marine x2  
  57  7:02  Siege Tank  
  57  7:04  SCV x2  
  63  7:16  SCV x2  
  65  7:25  Marine x2, Refinery  
  65  7:26  Command Center  
  65  7:28  SCV x2, Medivac  
  71  7:32  Barracks Tech Lab  
  72  7:40  SCV x2  
  72  7:41  Siege Tank, Barracks Tech Lab  
  76  7:52  SCV x2  
  76  7:55  Marine x2  
  76  7:56  Stimpack  
  77  7:58  Combat Shield  
  77  8:02  Marauder  
  77  8:04  SCV  
  77  8:05  Marauder  
  78  8:09  SCV  
  76  8:17  SCV, Marine  
  77  8:21  SCV  
  78  8:27  Supply Depot  
  78  8:28  Supply Depot  
  78  8:35  SCV x2, Marauder x2  
  78  8:40  Orbital Command, Barracks  
  84  8:41  Barracks  
  84  8:46  Marine x2  
  84  8:47  SCV x2  
  88  8:51  Medivac  
  90  8:56  Medivac  
  90  8:58  Marine  
  90  8:59  SCV  
  90  9:00  SCV  
  95  9:05  Orbital Command  
  95  9:07  Marine  
  95  9:08  Marine x2  
  98  9:16  Sensor Tower  
  100  9:17  Marauder  
  100  9:18  SCV x2  
  100  9:21  Concussive Shells  
  102  9:28  Marine  
  102  9:29  Marine  
  102  9:30  SCV x2  
  102  9:31  SCV  
  107  9:33  Barracks Tech Lab  
  107  9:34  Barracks Tech Lab  
  107  9:37  Marine  
  108  9:39  Marine  
  108  9:42  SCV x2, Refinery  
  111  9:47  Refinery  
  111  9:48  Marine x2  
  111  9:50  SCV  
  114  9:54  SCV, Supply Depot  
  114  9:55  Marauder  
  117  10:08  SCV x2, Refinery  
  117  10:09  Supply Depot x3  
  117  10:13  Marine x3  
  124  10:14  Marauder x2  
  124  10:19  Starport  
  124  10:23  SCV, Factory Reactor  
  124  10:24  SCV  
  124  10:25  SCV, Supply Depot  
  124  10:26  Sensor Tower  
  124  10:28  Marine  
  128  10:35  SCV  
  135  10:36  SCV  
  135  10:37  Supply Depot  
  135  10:38  Marine  
Show
View Real Time Build Order
Export as new Build Order

Rob Protoss - Winner!

Build Orders: Oracle Opening 

Get SALT Encoding   

  12  0:00  Probe  
  13  0:12  Probe  
  14  0:18  Pylon  
  14  0:24  Probe  
  15  0:32  Probe  
  15  0:37  Gateway  
  15  0:40  Probe  
  16  0:48  Pylon  
  17  0:51  Probe  
  17  0:57  Assimilator  
  18  1:07  Gateway  
  18  1:12  Probe  
  19  1:25  Probe  
  20  1:27  Cybernetics Core  
  20  1:29  Zealot  
  20  1:37  Probe  
  23  1:56  Stalker  
  23  1:59  Nexus  
  23  2:06  Probe  
  25  2:11  Warp Gate  
  25  2:16  Pylon  
  25  2:20  Probe  
  26  2:27  Assimilator  
  26  2:31  Adept  
  28  2:39  Probe  
  29  2:51  Probe  
  29  2:57  Stargate  
  30  3:03  Probe  
  31  3:08  Shield Battery  
  31  3:15  Probe x2  
  33  3:27  Probe  
  33  3:28  Probe  
  33  3:30  Oracle  
  37  3:40  Probe  
  37  3:41  Gateway  
  39  3:42  Probe  
  39  3:43  Gateway  
  40  3:51  Pylon  
  40  3:52  Probe  
  40  3:54  Probe  
  42  3:56  Oracle  
  42  4:04  Probe  
  42  4:06  Probe  
  47  4:11  Pylon  
  47  4:14  Adept  
  47  4:16  Probe  
  50  4:18  Probe  
  50  4:21  Oracle  
  51  4:28  Probe  
  51  4:30  Probe  
  53  4:35  Adept x2  
  60  4:39  Adept  
  60  4:41  Probe  
  60  4:42  Probe  
  60  4:44  Pylon  
  64  4:47  Assimilator  
  64  4:57  Adept  
  64  4:58  Adept  
  64  4:59  Adept  
  70  5:03  Pylon  
  70  5:09  Probe  
  71  5:21  Adept x3  
  71  5:26  Pylon  
  77  5:38  Oracle  
  64  5:43  Probe  
  64  5:46  Adept x3  
  64  5:47  Nexus  
  54  6:11  Oracle  
  54  6:12  Adept x3  
  54  6:15  Probe x2  
  54  6:17  Gateway  
  60  6:18  Gateway  
  60  6:21  Gateway x2  
  63  6:27  Probe x2  
  65  6:35  Twilight Council  
  65  6:39  Probe  
  67  6:40  Oracle, Probe, Forge  
  67  6:51  Probe  
  69  7:00  Adept x3  
  73  7:02  Resonating Glaives  
  71  7:11  Adept  
  71  7:15  Probe x3  
  69  7:18  Adept x3  
  69  7:21  Phoenix  
  76  7:23  Adept x2  
  76  7:24  Adept  
  84  7:35  Photon Cannon  
  84  7:39  Stalker  
  84  7:42  Stalker, Assimilator  
  88  7:50  Stalker  
  85  7:55  Adept x2  
  85  7:56  Probe  
  85  7:57  Probe x2  
  92  8:09  Probe x2  
  90  8:17  Probe  
  83  8:21  Probe  
  83  8:22  Adept x7  
  83  8:24  Phoenix  
  94  8:31  Pylon  
  96  8:35  Protoss Ground Armor Level 1  
  96  8:38  Nexus  
  96  8:43  Forge  
  96  8:46  Oracle  
  96  8:47  Adept x3  
  102  8:58  Adept x2  
  102  9:02  Assimilator  
  109  9:03  Assimilator  
  109  9:15  Adept x4  
  117  9:35  Pylon  
  117  9:36  Pylon  
  117  9:38  Pylon  
  117  9:39  Pylon  
  117  9:42  Templar Archives  
  117  9:45  Phoenix  
  117  9:50  Probe x3, Adept  
  117  9:51  Adept x4  
  132  9:53  Pylon  
  132  9:54  Pylon  
  132  10:10  Phoenix, Adept x2  
  138  10:15  Adept x5  
  138  10:19  Probe x2  
  138  10:20  Probe  
  151  10:30  Adept  
  151  10:31  Adept  
  151  10:35  Pylon x2  
  155  10:38  Pylon  
  155  10:40  Pylon  
Tags
 
Add a new tag
Caveats
  • Supply blocks, unpowered buildings, or Contaminate may cause inaccurate times.
  • Supply counts are checked every 10 seconds.